 Dungeon Crawl Stone Soup version 0.23.2-33-g5129a83 (webtiles) character file.

Game seed: 3197631986391414267

142 Fang the Skirmisher (level 5, 0/49 HPs)
             Began as a Gargoyle Berserker on June 14, 2019.
             Was a Believer of Trog.
             Slain by a gnoll
             ... wielding a +0 spear
              (5 damage)
             ... on level 3 of the Dungeon on July 9, 2019.
             The game lasted 00:02:59 (1988 turns).

Fang the Skirmisher (Gargoyle Berserker)            Turns: 1988, Time: 00:02:59

Health: 0/49       AC:  6    Str: 27    XL:     5   Next: 25%
Magic:  5/5        EV: 12    Int:  7    God:    Trog [**....]
Gold:   122        SH:  0    Dex:  9    Spells: 4/4 levels left

rFire    . . .     SeeInvis .   a - +0 hand axe
rCold    . . .     Gourm    .   (no shield)
rNeg     + . .     Faith    .   b - +0 animal skin
rPois    ∞         Spirit   .   (no helmet)
rElec    +         Reflect  .   (no cloak)
rCorr    .         Harm     .   (no gloves)
MR       .....                  (no boots)
Stlth    ..........             (no amulet)
HPRegen  0.16/turn              t - ring of attention (curse)
MPRegen  0.09/turn              (no ring)

@: berserking, very quick
A: negative energy resistance 1, electricity resistance, unbreathing,
petrification resistance, rot immunity, AC +4
a: Berserk, Trog's Hand, Renounce Religion


You were on level 3 of the Dungeon.
You worshipped Trog.
Trog was pleased with you.
You were very hungry.

You visited 1 branch of the dungeon, and saw 3 of its levels.

You collected 122 gold pieces.

Inventory:

Hand Weapons
 a - a +0 hand axe (weapon)
Armour
 b - a +0 animal skin (worn)
Jewellery
 t - a cursed ring of attention (left hand)
Scrolls
 e - a scroll of fog {unknown}
 f - 4 scrolls of amnesia {unknown}
 g - 3 scrolls of noise {unknown}
 i - 2 scrolls of identify {unknown}
 k - a scroll of immolation {unknown}
 m - a scroll of fear {unknown}
 p - a scroll of magic mapping {unknown}
 q - a scroll of blinking {unknown}
 r - 2 scrolls of enchant weapon {unknown}
 s - a scroll of random uselessness {unknown}
Potions
 d - a potion of cancellation {unknown}
 h - a potion of curing {unknown}
 j - a potion of flight {unknown}
 l - a potion of agility {unknown}
 n - a potion of haste {unknown}
 o - a potion of mutation {unknown}
 u - 2 potions of heal wounds {unknown}
 v - a potion of resistance {unknown}
Comestibles
 c - 9 rations
 w - 4 chunks of flesh


   Skills:
 + Level 4.2 Fighting
 + Level 3.5 Axes
 + Level 3.4 Armour
 + Level 2.5 Dodging


You had 4 spell levels left.
You didn't know any spells.
Your spell library was empty.

Dungeon Overview and Level Annotations

Branches:
Dungeon (3/15)

Altars:


Innate Abilities, Weirdness & Mutations

You are resistant to torment.
Your stone body is resilient. (AC +4)
You are immune to poison.
You resist negative energy. (rN+)
You are resistant to electric shocks. (rElec)
You can survive without breathing.
You are immune to petrification.
You are immune to rotting.


Message History

You are too injured to fight recklessly!
You are too injured to fight recklessly!
You are too injured to fight recklessly!
You are too injured to fight recklessly!
You are too injured to fight recklessly!
You are too injured to fight recklessly!
A red film seems to cover your vision as you go berserk!
You feel yourself moving faster!
You feel mighty!
You are feeling very hungry.
The gnoll hits you from afar with a +1 spear of venom.
The gnoll hits you with a +0 spear.
* * * LOW HITPOINT WARNING * * *
The gnoll closely misses you. The gnoll hits you with a +0 club.
* * * LOW HITPOINT WARNING * * *
You barely miss the gnoll. You slash the gnoll!
You kill the gnoll!
Trog accepts your kill.
You completely miss the hobgoblin. You barely miss the gnoll.
The gnoll hits you but does no damage. The gnoll hits you with a +0 spear.
You die...

#....... #.......
#.......
#######+#######......
.....................
##########..#
######.###
..!.......#.## #.#
......g...#..# #)#
.....gg@..##.#
#####.###
......Sgb.##.#
#........
..........##.#
#.###.###
..........##.# #.# #.#
..........##.# #.# #.#
..........##.# #.# #.#
#'##..$....#.###'###.#
#. #.......#.##...##.#
#..#...##.#


You could see 3 gnolls, an adder, a hobgoblin and a bat.

Vanquished Creatures
  Natasha (D:3)
  A gnoll (D:3)
  5 adders
  An ooze (D:2)
  A worm (D:2)
  A dart slug (D:2)
  A ball python (D:2)
  6 bats
  2 giant cockroaches (D:1)
  7 hobgoblins
  4 jackals (D:2)
  A quokka (D:2)
  4 frilled lizards
  3 goblins
  12 kobolds
  8 rats
58 creatures vanquished.

Notes
Turn   | Place    | Note
-------+----------+-------------------------------------------
     0 | D:1      | Fang the Gargoyle Berserker began the quest for the Orb.
     0 | D:1      | Reached XP level 1. HP: 14/14 MP: 1/1
   139 | D:1      | Reached XP level 2. HP: 19/19 MP: 2/2
   696 | D:2      | Reached XP level 3. HP: 11/24 MP: 3/3
   897 | D:2      | Reached ** piety under Trog
   898 | D:2      | Upgraded the game from 0.23.2-30-g0e89c35 to
                  | 0.23.2-33-g5129a83
   978 | D:2      | Reached XP level 4. HP: 6/29 MP: 4/4
  1603 | D:3      | Reached skill level 4 in Fighting
  1615 | D:3      | Noticed Natasha
  1623 | D:3      | Killed Natasha
  1923 | D:3      | Reached XP level 5. HP: 27/33 MP: 5/5
  1988 | D:3      | Slain by a gnoll

Skill      XL: |  1  2  3  4 |
---------------+-------------+-----
Axes           | 3 |  3.5
Dodging        | 2 |  2.5
Armour         | 3 |  3.4
Fighting       | 4 |  4.2

Action                   |  1- 3 |  4- 6 || total
-------------------------+-------+-------++-------
Melee: Hand axe          |   125 |    83 ||   208
Invok: Berserk           |     1 |     2 ||     3
  Eat: Chunk             |     1 |     4 ||     5
Armor: Animal skin       |    56 |    31 ||    87
Dodge: Dodged            |    99 |    56 ||   155
